Map: Автоматон РВ

Players

Murena

  • Race: Terran Terran
  • Spawn Location: 9:00

ИИ 1 (эксперт) - Winner!

  • Race: Protoss Protoss
  • Spawn Location: 3:00

VOD

Have the link to the VOD?

Description

Time

  • Played on: April 13, 2019, 12:45 p.m.
  • Length: 6:07
Show
View Real Time Build Order
Export as new Build Order

Murena Terran 

Build Orders:  

Get SALT Encoding   

  12  0:01  SCV  
  13  0:14  SCV  
  14  0:22  Supply Depot  
  14  0:26  SCV  
  15  0:43  SCV  
  15  0:45  Barracks  
  15  0:47  Refinery  
  16  0:56  SCV  
  17  1:08  SCV  
  18  1:21  Barracks  
  18  1:24  SCV  
  19  1:25  Supply Depot  
  19  1:31  Marine  
  20  1:38  SCV  
  21  1:40  Refinery  
  21  1:50  Factory, Marine  
  22  1:55  SCV  
  23  2:07  Orbital Command  
  23  2:10  Marine  
  24  2:15  Marine  
  25  2:33  Marine  
  25  2:34  Barracks Reactor, SCV  
  27  2:39  Starport  
  27  2:48  SCV  
  28  2:52  Supply Depot  
  28  2:54  Marine  
  29  3:02  SCV  
  29  3:05  Factory Tech Lab  
  30  3:11  Marine  
  31  3:15  Medivac  
  31  3:17  Barracks Tech Lab  
  31  3:18  Marine  
  34  3:23  Hellion  
  34  3:26  SCV  
  37  3:30  Supply Depot  
  37  3:34  Marine  
  37  3:37  Marine  
  39  3:50  Engineering Bay  
  39  3:53  Medivac  
  39  3:55  Engineering Bay  
  41  3:58  Marauder  
  41  3:59  Marine  
  44  4:02  Marine  
  45  4:20  Marauder  
  45  4:22  Supply Depot  
Show
View Real Time Build Order
Export as new Build Order

ИИ 1 (эксперт) Protoss - Winner!

Build Orders: 1 Gate Expand 

Get SALT Encoding   

  12  0:00  Probe  
  13  0:13  Probe  
  14  0:21  Pylon  
  14  0:25  Probe  
  15  0:35  Probe  
  16  0:43  Probe  
  17  0:51  Gateway  
  17  0:53  Probe  
  18  1:01  Probe  
  19  1:19  Probe  
  19  1:20  Nexus  
  20  1:31  Probe  
  21  1:39  Pylon  
  21  1:41  Zealot  
  23  1:47  Cybernetics Core  
  23  1:53  Assimilator  
  23  1:56  Probe  
  24  2:04  Probe  
  24  2:12  Probe  
  26  2:23  Probe  
  26  2:25  Pylon  
  26  2:27  Probe  
  26  2:29  Warp Gate  
  27  2:35  Probe  
  27  2:36  Gateway  
  29  2:42  Probe  
  29  2:43  Assimilator  
  30  2:53  Probe  
  30  2:58  Stalker  
  33  2:59  Probe, Pylon  
  33  3:05  Probe  
  34  3:11  Probe  
  36  3:19  Probe  
  36  3:23  Adept  
  36  3:25  Probe  
  40  3:27  Adept  
  40  3:34  Robotics Facility  
  42  3:36  Probe  
  42  3:38  Probe  
  44  3:48  Probe, Pylon  
  45  3:50  Probe  
  45  3:53  Adept  
  48  3:57  Adept  
  48  4:00  Probe  
  48  4:02  Probe  
  52  4:10  Probe  
  52  4:12  Probe  
  52  4:13  Pylon  
  52  4:15  Immortal  
  54  4:18  Probe  
  59  4:24  Probe  
  59  4:30  Adept  
  62  4:35  Stalker  
  64  4:44  Gateway  
  64  4:45  Robotics Facility  
  64  4:46  Probe  
  64  4:47  Probe  
  64  4:50  Stalker  
  68  4:53  Pylon  
  68  4:58  Pylon, Stalker  
  70  5:07  Probe  
  70  5:08  Probe  
  70  5:13  Stalker  
  69  5:19  Probe  
  69  5:20  Adept  
  68  5:23  Probe  
  68  5:24  Assimilator  
  69  5:34  Zealot  
  71  5:37  Twilight Council  
  71  5:39  Assimilator  
  71  5:40  Adept  
  73  5:47  Probe x2  
  75  5:52  Zealot  
Tags
 
Add a new tag
Caveats
  • Supply blocks, unpowered buildings, or Contaminate may cause inaccurate times.
  • Supply counts are checked every 10 seconds.